 Dungeon Crawl Stone Soup version 0.26-a0-710-g95a0c6c400 (webtiles) character file.

Game seed: 2742508267738403880

376 Ijustatesigmund the Chopper (level 6, -1/45 HPs)
             Began as an Octopode Fighter on Oct 30, 2020.
             Slain by Duvessa
             ... wielding a +0 rapier of venom
              (19 damage)
             ... on level 4 of the Dungeon.
             The game lasted 00:03:54 (3867 turns).

Ijustatesigmund the Chopper (Octopode Fighter)      Turns: 3867, Time: 00:03:54

Health: -1/45      AC:  1    Str: 16    XL:     6   Next: 73%
Magic:  6/6        EV: 11    Int: 12    God:
Gold:   281        SH: 10    Dex: 11    Spells: 5/5 levels left

rFire    + . .     SeeInvis .   a - +1 war axe
rCold    . . .     Faith    .   b - +2 kite shield
rNeg     . . .     Spirit   .   (helmet restricted)
rPois    .         Reflect  .   (no amulet)
rElec    .         Harm     .   d - ring of protection from fire
rCorr    .         Rampage  .   (no ring)
MR       .....                  (no ring)
Stlth    +.........             (no ring)
HPRegen  0.15/turn              (no ring)
MPRegen  0.10/turn              (no ring)
                                (no ring)
                                (no ring)

@: lethally poisoned (-1 -> -24), about to teleport, glowing
A: almost no armour, stealthy swim, amphibious, 8 rings, constrict 8, camouflage
1, gelatinous body 1
a: no special abilities


You were on level 4 of the Dungeon.
You visited 1 branch of the dungeon, and saw 4 of its levels.

You collected 281 gold pieces.

Inventory:

Hand Weapons
 a - a +1 war axe (weapon)
Armour
 b - a +2 kite shield (worn)
Jewellery
 d - a ring of protection from fire (left tentacle)
Scrolls
 e - a scroll of identify
 g - 6 scrolls of teleportation
 j - a scroll of blinking
Potions
 c - a potion of might
 f - a potion of lignification {unknown}
 h - 2 potions of heal wounds
 i - a potion of haste
 k - a potion of brilliance {unknown}
 l - a potion of curing {unknown}
 m - a potion of ambrosia {unknown}
 n - 2 potions of cancellation {unknown}
 o - 3 potions of magic {unknown}
 p - 2 potions of stabbing {unknown}


   Skills:
 + Level 4.8 Fighting
 * Level 5.8 Axes
 - Level 3.0 Dodging
 - Level 3.0 Shields


You had 5 spell levels left.
You didn't know any spells.
Your spell library was empty.

Dungeon Overview and Level Annotations

Branches:
Dungeon (4/15)
 Temple: D:4-7

Altars:
Zin

Shops:
D:4 *

Annotations:
D:4 Duvessa


Innate Abilities, Weirdness & Mutations

You cannot wear most types of armour.
You are very stealthy in the water. (Stealth+)
You are amphibious.
You can wear up to eight rings at the same time.
You can use your tentacles to constrict eight enemies at once.
Your skin changes colour to match your surroundings (Stealth+).
Your rubbery body absorbs attacks. (AC +1, EV +1)


Message History

Things that are here:
a +1 dagger of speed; a +0 robe; the elf corpse of Dowan You feel sick.
The orc priest looks encouraged for a moment.
Duvessa hits you with a +0 rapier of venom!!
You are lethally poisoned!
* * * LOW HITPOINT WARNING * * *
You feel very sick.
* * * LOW HITPOINT WARNING * * *
You feel sick.
The orc priest invokes the aid of Beogh against you.
Beogh smites you!
* * * LOW HITPOINT WARNING * * *
You block Duvessa's attack.
It was a potion of heal wounds.
You feel much better.
You feel sick. You block Duvessa's attack.
As you read the scroll of teleportation, it crumbles to dust.
You feel strangely unstable.
You feel sick.
Duvessa hits you with a +0 rapier of venom!!
You die...

....##. .... ....... .....
# #..... #.....
#.#....)##....# ..
...........#####....
....####)...#........
#..8.##?o####..>.....
......Be$..##........
.8.∩<8.@...>.........
.......................
.....8.......##........
.....(..<..............
........(........###......
...............## #......
####..##........# ......
#.......>......### #.....
#...............# #.....


You could see Duvessa (berserk), a worker ant and an orc priest.

Vanquished Creatures
  Dowan (D:4)
  4 orc wizards
  An orc priest (D:2)
  An iguana (D:4)
  A worker ant (D:4)
  4 adders
  A worm (D:2)
  3 dart slugs
  3 leopard geckos
  13 orcs
  A ball python (D:2)
  7 bats
  3 giant cockroaches
  6 goblins
  7 hobgoblins
  15 jackals
  2 frilled lizards
  6 kobolds
  2 rats (D:2)
81 creatures vanquished.

Vanquished Creatures (others)
  3 toadstools (D:3)
3 creatures vanquished.

Grand Total: 84 creatures vanquished

Notes
Turn   | Place    | Note
-------+----------+-------------------------------------------
     0 | D:1      | Ijustatesigmund the Octopode Fighter began the quest for
                  | the Orb.
     0 | D:1      | Reached XP level 1. HP: 16/16 MP: 1/1
   210 | D:1      | Reached XP level 2. HP: 16/21 MP: 2/2
   587 | D:1      | Reached skill level 3 in Axes
   609 | D:1      | Reached XP level 3. HP: 16/26 MP: 3/3
  1454 | D:2      | Found a glowing silver altar of Zin.
  1472 | D:2      | Reached XP level 4. HP: 18/32 MP: 4/4
  2072 | D:3      | Reached skill level 4 in Axes
  2121 | D:3      | Reached XP level 5. HP: 35/37 MP: 5/5
  3331 | D:4      | Reached skill level 5 in Axes
  3365 | D:3      | Reached XP level 6. HP: 44/44 MP: 6/6
  3835 | D:4      | Found Xyphemn's Assorted Antiques.
  3852 | D:4      | Noticed Duvessa
  3852 | D:4      | Noticed Dowan
  3861 | D:4      | Killed Dowan
  3867 | D:4      | Slain by Duvessa

Illustrated notes

Levels and vault maps discovered:
D:1:      lightli_arrival_lavapool, layout_loops_corners,
          chequers_serial_rivers_micro_a
D:2:      layout_loops_ring, lemuel_crystal_altar, minmay_pentomino_p4
D:3:      layout_rooms, amethyst_killhole, minmay_gold_behind_fungi,
          chequers_serial_rivers_micro_a
D:4:      layout_cave_pools, minmay_temple_entry_grid, serial_shops,
          nicolae_shop_statue_plus, uniq_duvessa, uniq_sigmund

Skill      XL: |  1  2  3  4  5 |
---------------+----------------+-----
Axes           | 3 4 5 |  5.8
Fighting       | 4 |  4.8
Dodging        | |  3.0
Shields        | |  3.0

Action                   |  1- 3 |  4- 6 || total
-------------------------+-------+-------++-------
Melee: War axe           |    61 |    75 ||   136
       Constrict         |    17 |    22 ||    39
       Tentacles         |     8 |    16 ||    24
  Use: Scroll            |     2 |     8 ||    10
       Potion            |       |     1 ||     1
 Stab: Sleeping          |     7 |     4 ||    11
Armor: Skin              |     8 |     4 ||    12
Dodge: Dodged            |    32 |    32 ||    64
Block: Kite shield       |    30 |    51 ||    81

Table legend: (Time is in decaauts)
 A = Elapsed time spent in this place.
 B = Non-inter-level travel time spent in this place.
 C = Inter-level travel time spent in this place.
 D = Time resting spent in this place.
 E = Time spent auto-exploring this place.
 F = Levels seen in this place.
 G = Mean time per level.
                   A        B        C        D        E       F      G
               +--------+--------+--------+--------+--------+-----+--------+
         Total |   3925 |   3856 |     69 |   1526 |   1876 |   4 |  981.2 |
       Dungeon |   3925 |   3856 |     69 |   1526 |   1876 |   4 |  981.2 |
               +--------+--------+--------+--------+--------+-----+--------+

Top non-repeatable levels by time:
     D:2: 1639 daAuts
     D:1: 1280 daAuts
     D:3: 748 daAuts
     D:4: 257 daAuts
